 Dungeon Crawl Stone Soup version 0.29.1-12-g30fa7ad0bf (webtiles) character file.

Game seed: 7523916809792897256

423 Eitelfritz the Ruffian (level 6, -2/57 HPs)
             Began as a Troll Gladiator on Jan 13, 2023.
             Succumbed to a hornet's poison
             ... on level 7 of the Dungeon.
             The game lasted 00:06:19 (2451 turns).

Eitelfritz the Ruffian (Troll Gladiator)            Turns: 2451, Time: 00:06:19

Health: -2/57      AC:  4    Str: 23    XL:     6   Next: 63%
Magic:  5/5        EV: 14    Int:  6    God:
Gold:   47         SH:  0    Dex: 11    Spells: 5/5 levels left

rFire   . . .      SeeInvis .     - Unarmed
rCold   . . .      Faith    .   (no shield)
rNeg    . . .      Spirit   .   z - +0 robe
rPois   .          Reflect  .   r - +0 hat
rElec   .          Harm     .   (no cloak)
rCorr   .          Rampage  .   (gloves unavailable)
Will    .....                   (boots unavailable)
Stlth   +.........              (no amulet)
HPRegen 0.99/turn               u - +4 ring of evasion
MPRegen 0.09/turn               (no ring)

@: lethally poisoned (-2 -> -6), marked, slowed, very slow
A: large, unfitting armour, claws 3, regeneration 1, shaggy fur 1, tough skin 1
a: no special abilities


You were on level 7 of the Dungeon.
You visited 1 branch of the dungeon, and saw 5 of its levels.

You collected 255 gold pieces.
You spent 208 gold pieces at shops.

Inventory:

Hand Weapons
 a - a +0 shortbow
 b - a +0 flail
Missiles
 c - 3 throwing nets (quivered)
 d - a large rock
 h - 6 poisoned darts
Armour
 r - a +0 hat (worn)
 z - a +0 robe (worn)
Jewellery
 p - a ring of ice
 s - a ring of flight
 u - a +4 ring of evasion (left claw)
Wands
 t - a wand of iceblast (14)
Scrolls
 e - a scroll of identify {unknown}
 g - a scroll of butterflies {unknown}
 j - 3 scrolls of enchant armour {unknown}
 k - 2 scrolls of torment {unknown}
 l - 3 scrolls of teleportation {unknown}
 n - a scroll of amnesia {unknown}
 v - a scroll of noise {unknown}
 y - 3 scrolls of immolation {unknown}
Potions
 f - 3 potions of flight
 i - a potion of brilliance {unknown}
 m - a potion of mutation {unknown}
 q - a potion of cancellation {unknown}
 w - a potion of berserk rage


   Skills:
 + Level 2.0 Fighting
 + Level 2.0 Throwing
 + Level 3.8 Dodging
 + Level 0.8 Stealth
 + Level 6.0 Unarmed Combat


You had 5 spell levels left.
You didn't know any spells.
Your spell library contained the following spells:

 Spells                   Type           Power      Damage    Failure   Level
 Apportation              Tloc           0%         N/A       45%         1
 Necrotise                Necr           0%         1d4       45%         1
 Blink                    Tloc           0%         N/A       58%         2
 Gell's Gravitas          Tloc           0%         N/A       83%         3
 Lesser Beckoning         Tloc           0%         N/A       83%         3
 Teleport Other           Tloc           0%         N/A       83%         3
 Vampiric Draining        Necr           0%         2d6       83%         3
 Anguish                  Hex/Necr       0%         N/A       99%         4
 Agony                    Necr           0%         N/A       100%        5
 Alistair's Intoxication  Tmut/Pois      0%         N/A       100%        5
 Manifold Assault         Tloc           0%         N/A       100%        5
 Dispersal                Tloc           0%         N/A       100%        6
 Enfeeble                 Hex            0%         N/A       100%        7


Dungeon Overview and Level Annotations

Branches:
Dungeon (4/15)
 Temple: D:4-7

Altars:
Dithmenos
Makhleb
Okawaru
Ru
Uskayaw

Shops:
D:1 (   D:7 !


Innate Abilities, Weirdness & Mutations

You are too large for most types of armour.
You have claws for hands.
Your natural rate of healing is unusually fast.
You are covered in fur. (AC +1)
You have tough skin. (AC +1)


Message History

The hornet is lightly wounded.
You feel very sick.
The hornet closely misses you. x2; The sky beast hits you.
* * * LOW HITPOINT WARNING * * *
The sky beast shocks you.
* * * LOW HITPOINT WARNING * * *
You feel much better.
You feel very sick. The hornet stings you.
You are more poisoned.
You feel as though you will be slow longer.
The hornet stings you!
* * * LOW HITPOINT WARNING * * *
You feel as though you will be slow longer.
The sky beast hits you.
* * * LOW HITPOINT WARNING * * *
The sky beast shocks you.
* * * LOW HITPOINT WARNING * * *
The hornet closely misses you.
You feel much better.
You feel very sick. The hornet stings you!
* * * LOW HITPOINT WARNING * * *
You feel as though you will be slow longer.
The sky beast hits you.
* * * LOW HITPOINT WARNING * * *
The sky beast shocks you.
* * * LOW HITPOINT WARNING * * *
The hornet misses you.
The sky beast hits you but does no damage.
You feel better. The hornet stings you!
* * * LOW HITPOINT WARNING * * *
You are lethally poisoned!
You feel as though you will be slow longer.
The sky beast hits you but does no damage.
The hornet completely misses you.
Unknown command.
You closely miss the hornet.
The hornet is lightly wounded.
You die...

#..>.......#...^....###
#.......######.##.##
##.....## .....#
##...## ###..# ##'##
#.# #..# #.# #.# ###. #
#.# #.# #.. ##.## #.#
#y# #####...## #.# #@#
.........# #.###Y###.#
.###.....###.........#
#.#.#....<....#####
#.############# #. .. #


You could see a hornet and a sky beast.

Vanquished Creatures
  An ice beast (D:7)
  A centaur (D:7)
  A scorpion (D:7)
  A howler monkey (D:7)
  An orc priest (D:3)
  A jelly (D:7)
  An adder (D:3)
  5 worms
  4 orcs (D:3)
  2 ball pythons
  4 bats
  5 endoplasms
  4 giant cockroaches
  7 goblins
  4 hobgoblins
  6 jackals
  5 kobolds
  3 quokkas (D:3)
  6 frilled lizards
  10 rats
72 creatures vanquished.

Notes
Turn   | Place    | Note
-------+----------+-------------------------------------------
     0 | D:1      | Eitelfritz the Troll Gladiator began the quest for the Orb.
     0 | D:1      | Reached XP level 1. HP: 19/19 MP: 0/0
     6 | D:1      | Noticed a killer bee
     6 | D:1      | Noticed a black mamba
     6 | D:1      | Noticed a black bear
     7 | D:1      | Noticed a wyvern
     7 | D:1      | Noticed an iguana
   176 | D:1      | Reached XP level 2. HP: 27/27 MP: 1/1
   242 | D:1      | Found Tinwen's Antique Weapon Emporium.
   897 | D:2      | Found a burning altar of Makhleb.
   910 | D:2      | Reached XP level 3. HP: 33/35 MP: 2/2
  1541 | D:3      | Found a faded altar of an unknown god.
  1550 | D:3      | Reached skill level 4 in Unarmed Combat
  1550 | D:3      | Reached XP level 4. HP: 29/42 MP: 3/3
  1629 | D:3      | Found an iron altar of Okawaru.
  1680 | D:3      | Found a large runed translucent door.
  1683 | D:3      | Found a large runed translucent door.
  2040 | D:3      | Found a hide-covered altar of Uskayaw.
  2066 | D:3      | Found a sacrificial altar of Ru.
  2074 | D:3      | Found a shadowy altar of Dithmenos.
  2148 | D:4      | You fall into a shaft and drop 3 floors!
  2207 | D:7      | Found Lotismycu's Distillery.
  2210 | D:7      | Noticed an ice beast
  2219 | D:7      | Killed an ice beast
  2220 | D:7      | Reached skill level 5 in Unarmed Combat
  2220 | D:7      | Reached XP level 5. HP: 37/49 MP: 4/4
  2242 | D:7      | Reached XP level 6. HP: 52/57 MP: 5/5
  2246 | D:7      | Bought a potion of berserk rage for 65 gold pieces
  2246 | D:7      | Bought a potion of flight for 39 gold pieces
  2246 | D:7      | Bought a potion of curing for 39 gold pieces
  2246 | D:7      | Bought a potion of heal wounds for 65 gold pieces
  2438 | D:7      | Reached skill level 6 in Unarmed Combat
  2439 | D:7      | Noticed a hornet
  2442 | D:7      | Paralysed by a hornet for 3 turns
  2446 | D:7      | Noticed a sky beast
  2450 | D:7      | HP: 1/57 [hornet (11)]
  2451 | D:7      | Succumbed to a hornet's poison

Illustrated notes

Levels and vault maps discovered:
D:1:      onia_arrival_zoo_common, layout_basic, serial_shops, shop
D:2:      layout_basic, basic_altar, kennysheep_another_room
D:3:      layout_rooms, general_overflow_altar, jmf_multi_god_temple2,
          lemuel_coloured_pillars_altar, hellmonk_ecumenical_altar_dog_temple,
          saegor_snake_ambush
D:4:      nicolae_BIG_FREAKIN_CUBE, layout_loops_ring
D:7:      layout_loops_corners, serial_shops, shop, chequers_jeans,
          grunt_ministairs_8, minivault_26

Skill      XL: |  1  2  3  4  5  6 |
---------------+-------------------+-----
Throwing       | 2 |  2.0
Dodging        | 3 |  3.8
Unarmed Combat | 4 5 6 |  6.0
Fighting       | 2 |  2.0
Stealth        | |  0.8

Action                   |  1- 3 |  4- 6 || total
-------------------------+-------+-------++-------
Melee: Unarmed           |   118 |    73 ||   191
       Punch             |     2 |     1 ||     3
  Use: Potion            |       |     4 ||     4
 Stab: Sleeping          |     2 |       ||     2
Armor: Robe              |    37 |    24 ||    61
Dodge: Dodged            |    61 |    52 ||   113
